 Dungeon Sprint DCSS version 0.19-a0-139-gefc6d61 (webtiles) character file.

35 Kidiri the Sneak (level 3, 0/18 HPs)
             Began as a Spriggan Enchanter on May 17, 2016.
             Slain by a human (10 damage)
             ... in the Dungeon (Sprint III: "The Ten Rune Challenge").
             The game lasted 00:01:10 (265 turns).

Kidiri the Sneak (Spriggan Enchanter)                Turns: 265, Time: 00:01:10

Health: 0/18       AC:  3    Str:  4    XL:     3   Next: 17%
Magic:  0/9        EV: 20    Int: 17    God:
Gold:   0          SH:  0    Dex: 16    Spells: 4 memorised, 1 level left

rFire  . . .     SeeInvis +     a - +1 dagger
rCold  . . .     Gourm    .     b - +1 robe
rNeg   . . .     Faith    .     (shield restricted)
rPois  .         Spirit   .     (helmet restricted)
rElec  .         Dismiss  .     (no cloak)
rCorr  .         Reflect  .     (gloves unavailable)
SustAt .         Harm     .     (boots unavailable)
MR     .....     NoTele   +     (no amulet)
Stlth  ++++......               (no ring)
                                (no ring)

@: very slightly contaminated, very quick, not resistant to hostile
enchantments, stealthy
A: unfitting armour, see invisible, herbivore 3, speed 3, slow metabolism 2
a: no special abilities


You were in the Dungeon.
You were not hungry.

You visited 1 branch

Inventory:

Hand Weapons
 a - a +1 dagger (weapon)
Armour
 b - a +1 robe (worn)
Scrolls
 j - a scroll of blinking
Potions
 f - a potion of heal wounds
 g - a potion of haste
 h - 2 potions of magic
 i - a potion of berserk rage
Books
 c - a book of Maledictions

   Spells                             Type                      Level
   a - Corona                         Hexes                        1
   b - Ensorcelled Hibernation        Hexes/Ice                    2
   c - Confuse                        Hexes                        3
   d - Tukima's Dance                 Hexes                        3
   e - Dazzling Spray                 Conjuration/Hexes            3
Comestibles
 d - a bread ration


   Skills:
 + Level 1.1 Fighting
 * Level 2.5 Short Blades
 + Level 1.2 Armour
 * Level 4.7 Dodging
 * Level 6.2 Stealth
 * Level 4.0 Spellcasting
 + Level 0.0 Conjurations
 + Level 4.4 Hexes
 + Level 0.5 Ice Magic


You had one spell level left.
You knew the following spells:

 Your Spells              Type           Power        Failure   Level  Hunger
a - Corona                Hex            ###....      2%          1    None
b - Ensorcelled Hibernat  Hex/Ice        ##....       10%         2    ##.....
c - Confuse               Hex            ###.....     10%         3    ###....
e - Dazzling Spray        Conj/Hex       ##....       21%         3    ###....


Dungeon Overview and Level Annotations

Branches:
Dungeon (1/1)

Altars:


Innate Abilities, Weirdness & Mutations

You are tiny and cannot use many weapons and most armour.
You have supernaturally acute eyesight.
You are a herbivore.
You cover ground extremely quickly.
You need consume almost no food.


Message History

Casting: Dazzling Spray
Confirm with . or Enter, or press ? or * to list all spells.
Aiming: Corona
Press: ? - help, Shift-Dir - straight line, f/p - human
Aim: a human (almost dead, chance to defeat MR: 56%)
The human is outlined in light.
You hit the human but do no damage.
The human is almost dead.
The human hits you but does no damage.
You completely miss the human.
The human is almost dead.
The human barely misses you.
You hit the human but do no damage.
The human is almost dead.
The human completely misses you.
You hit the human but do no damage.
The human is almost dead.
The human hits you!
Ouch! That really hurt!
You die...

▓.....#
▓.....#...≈≈....
▓....%#..≈≈≈≈..♣ .
▓####'#..≈≈≈≈≈≈♣♣.
▓(....#.≈≈≈≈≈≈....
▓.[...#.≈≈≈≈≈.....
▓.....#.≈≈≈.......
▓'#####...........
▓@p...............
▓▓▓▓▓▓▓▓▓▓▓▓▓▓▓▓▓▓


You could see a human.

Vanquished Creatures
  Jessica (D)
  2 oozes (D)
3 creatures vanquished.

Vanquished Creatures (others)
  2 draconian scorchers (D)
  5 hellions (D)
  A yaktaur (D)
  A plant (D)
9 creatures vanquished.

Grand Total: 12 creatures vanquished

Notes
Turn   | Place    | Note
--------------------------------------------------------------
     0 | D        | Kidiri the Spriggan Enchanter began the quest for the Orb.
     0 | D        | Reached XP level 1. HP: 9/9 MP: 5/5
    78 | D        | Reached skill level 5 in Stealth
    78 | D        | Reached XP level 2. HP: 9/14 MP: 4/7
   103 | D        | Killed a hellion
   104 | D        | Killed a hellion
   126 | D        | Killed a hellion
   149 | D        | Killed a yaktaur
   163 | D        | Killed a hellion
   166 | D        | Killed a hellion
   197 | D        | Learned a level 2 spell: Ensorcelled Hibernation
   198 | D        | Noticed Jessica
   201 | D        | Killed Jessica
   201 | D        | Reached skill level 1 in Fighting
   201 | D        | Reached skill level 1 in Armour
   201 | D        | Reached skill level 6 in Stealth
   201 | D        | Reached XP level 3. HP: 18/18 MP: 7/9
   201 | D        | Killed a white draconian scorcher
   206 | D        | Learned a level 3 spell: Confuse
   210 | D        | Learned a level 3 spell: Dazzling Spray
   226 | D        | Killed a white draconian scorcher
   265 | D        | Slain by a human

Vault maps used:
D:        dungeon_sprint_mu

Skill      XL: |  1  2 |
---------------+-------+-----
Spellcasting   | 3 4 |  4.0
Hexes          | 4 |  4.4
Stealth        | 5 6 |  6.2
Fighting       | 1 |  1.1
Short Blades   | 2 |  2.5
Armour         | 1 |  1.2
Dodging        | 4 |  4.7
Ice Magic      | |  0.5

Action                   || total
-------------------------++-------
Melee: Dagger            ||    33
 Cast: Corona            ||     8
       Ensorcelled Hiber ||     3
  Use: Potion            ||     1
 Stab: Sleeping          ||     2
Armor: Robe              ||     6
Dodge: Dodged            ||    28
